 Dungeon Crawl Stone Soup version 0.31-a0-369-g8eba5f6939 (webtiles) character file.

Game seed: 10629812827290019985

2625 floatRand the Grappler (level 9, -6/64 HPs)
             Began as a Green Draconian Shapeshifter on July 28, 2023.
             Was a Follower of Wu Jian.
             Mangled by a large slime creature (23 damage)
             ... on level 8 of the Dungeon.
             The game lasted 00:07:26 (6887 turns).

floatRand the Grappler (DrSh)                       Turns: 6887, Time: 00:07:26

Health: -6/64      AC:  7    Str: 17    XL:     9   Next: 34%
Magic:  9/9        EV: 12    Int:  9    God:    Wu Jian [*.....]
Gold:   299        SH:  0    Dex: 16    Spells: 8/8 levels left

rFire   . .          .
                       - Unarmed
rCold   . . .        (no shield)
rNeg    . . .        (body armour unavailable)
rPois   +            (helmet currently unavailable)
rElec   .            (cloak currently unavailable)
rCorr   .            (gloves currently unavailable)
SInv    .            (boots currently unavailable)
Will    .....        r - amulet of the acrobat
Stlth   +            (no ring)
HPRegen 0.30/turn    (no ring)
MPRegen 0.11/turn

%: acrobat
@: short of breath, beast-form
A: beast (slay +4), breathe noxious fumes, AC +7, unfitting armour, poison
resistance, cold-blooded
a: Breathe Noxious Fumes, Begin Untransformation, Renounce Religion


You were on level 8 of the Dungeon.
You worshipped Wu Jian.
Wu Jian was aware of your devotion.
You were a hulking beast.
You visited 2 branches of the dungeon, and saw 9 of its levels.

You collected 309 gold pieces.
You spent 10 gold pieces at shops.

Inventory:

Missiles
 i - 2 curare-tipped darts
Jewellery
 r - an amulet of the acrobat (around neck)
 y - an amulet of regeneration
Talismans
 b - a beast talisman
 k - a blade talisman
 x - a blade talisman
Wands
 e - a wand of iceblast (12)
 j - a wand of paralysis (7)
 t - a wand of light (6)
Scrolls
 a - 2 scrolls of teleportation
 d - 2 scrolls of amnesia
 h - 2 scrolls of silence
 m - 3 scrolls of fear
 s - a scroll of fog {unknown}
 u - 2 scrolls of identify
 v - 2 scrolls of enchant armour {unknown}
Potions
 c - 3 potions of enlightenment
 f - a potion of haste {unknown}
 g - 3 potions of curing
 l - a potion of resistance
 n - a potion of degeneration {unknown}
 o - a potion of mutation {unknown}
 p - a potion of cancellation {unknown}
 q - 2 potions of magic {unknown}
 w - 3 potions of invisibility {unknown}


   Skills:
 - Level 1.1 Fighting
 - Level 1.7 Dodging
 * Level 10.9 Unarmed Combat
 + Level 6.9 Shapeshifting


You had 8 spell levels left.
You didn't know any spells.
Your spell library contained the following spells:

 Spells                   Type           Power      Damage    Failure   Level
 Apportation              Tloc           0%         N/A       38%         1
 Sandblast                Erth           0%         2d4       38%         1
 Summon Small Mammal      Summ           0%         N/A       38%         1
 Cigotuvi's Dreadful Rot  Necr/Pois/Air  0%         N/A       52%         2
 Passwall                 Tmut/Erth      0%         N/A       52%         2
 Call Canine Familiar     Summ           0%         N/A       77%         3
 Portal Projectile        Hex/Tloc       0%         N/A       77%         3
 Stone Arrow              Conj/Erth      0%         3d7       77%         3
 Summon Guardian Golem    Hex/Summ       0%         N/A       77%         3
 Dispel Undead            Necr           0%         3d6       99%         4
 Leda's Liquefaction      Hex/Erth       0%         N/A       99%         4
 Alistair's Intoxication  Tmut/Pois      0%         N/A       100%        5
 Death Channel            Necr           0%         N/A       100%        6


Dungeon Overview and Level Annotations

Branches:
Dungeon (8/15)             Temple (1/1) D:7
   Lair: D:8-11

Altars:
Ashenzari
Cheibriados
Dithmenos
Elyvilon
Fedhas
Gozag
Hepliaklqana
Kikubaaqudgha
Makhleb
Nemelex Xobeh
Okawaru
Ru
Sif Muna
Trog
Uskayaw
Vehumet
Wu Jian
Xom
Yredelemnul
Zin
The Shining One

Shops:
D:1 =   D:2 ?   D:5 =


Innate Abilities, Weirdness & Mutations

You are a hulking beast.
Your limbs bulge with bestial killing power. (Slay +4)
You can breathe blasts of noxious fumes.
Your lurid green scales are hard. (AC +7)
You cannot fit into any form of body armour.
Your system is resistant to poisons. (rPois)
You are cold-blooded and may be slowed by cold attacks.


Message History

Unknown command.
No target in view!
Unknown command.
Things that are here:
a +0 whip; 4 poisoned darts
Found a ring mail.
Found a beast talisman.
You now have 288 gold pieces (gained 9).
You have got your breath back.
You now have 299 gold pieces (gained 11).
g - 3 potions of curing (gained 1) 2 slime creatures come into view.
The slime creature quivers.
There are monsters nearby!
There are monsters nearby!
There are monsters nearby!
There are monsters nearby!
A slime creature comes into view.
Two slime creatures merge to form a large slime creature.
The slime creature quivers.
You exhale a blast of noxious fumes.
The blast of choking fumes hits you. The slime creature hits you!
You hit the slime creature. You tail-slap the slime creature.
The slime creature is lightly wounded.
You punch the slime creature!
The slime creature is moderately wounded.
The slime creature hits you.
Two slime creatures merge to form a large slime creature.
Unknown command.
You hit the large slime creature.
The large slime creature is lightly wounded.
You punch the large slime creature!
The large slime creature is moderately wounded.
The large slime creature hits you!!
Ouch! That really hurt!
* * * LOW HITPOINT WARNING * * *
Unknown command.
The large slime creature attacks as you move away!
The large slime creature hits you!!
You die...

#.# #..# #.#
#..##### #.#
##..#.... #.####
......... #....#
#####.#.######
####J# #. ...#.#
#.# #. #..# ####
#J# #.
#.##.[..... #h#
#.##.##..#####
#.# #.##.##..###
#
#.###.##.◎......
#
#.#......##<####
# #.#.###..##.#
# #...#
#..##.#### #
###.###........#
#
#.....###.##.###
#########.## ...


You could see a large slime creature and a slime creature.

Vanquished Creatures
  Menkaure (D:4)
  A steam dragon (D:7)
  An ice beast (D:7)
  2 ogres
  A centaur (D:7)
  3 phantoms
  A kobold brigand (D:8)
  2 bullfrogs
  A gnoll sergeant (D:7)
  3 scorpions
  A water moccasin skeleton (D:3)
  10 killer bees
  3 jellies
  Crazy Yiuf (D:4)
  4 orc priests
  Jessica (D:3)
  4 orc wizards
  5 iguanas
  A scorpion zombie (D:3)
  2 hound zombies (D:3)
  A hound skeleton (D:3)
  5 gnolls (D:7)
  11 adders
  A white imp (D:7)
  An ufetubus (D:5)
  An adder skeleton (D:3)
  An adder zombie (D:3)
  A worm (D:2)
  25 orcs
  5 bats
  8 endoplasms
  2 giant cockroaches
  6 goblins
  3 hobgoblins
  6 jackals
  12 kobolds
  A quokka (D:2)
  5 ball pythons
  6 frilled lizards
  2 giant cockroach zombies (D:3)
  A jackal zombie (D:3)
  6 rats
158 creatures vanquished.

Vanquished Creatures (collateral kills)
  A killer bee (D:8)
1 creature vanquished.

Grand Total: 159 creatures vanquished

Notes
Turn   | Place    | Note
-------+----------+-------------------------------------------
     0 | D:1      | floatRand the Draconian Shapeshifter began the quest for
                  | the Orb.
     0 | D:1      | Reached XP level 1. HP: 16/16 MP: 1/1
   167 | D:1      | Reached XP level 2. HP: 23/23 MP: 2/2
   220 | D:1      | Found Doceish's Jewellery Emporium.
   422 | D:1      | Found a faded altar of an unknown god.
   806 | D:2      | Found Barphyica's Magic Scroll Boutique.
   818 | D:2      | Bought a scroll of noise for 10 gold pieces
   906 | D:2      | Reached XP level 3. HP: 28/28 MP: 3/3
   919 | D:2      | Reached skill level 4 in Unarmed Combat
  1402 | D:3      | Found a snail-covered altar of Cheibriados.
  1437 | D:3      | Reached XP level 4. HP: 35/35 MP: 4/4
  1482 | D:3      | Reached skill level 5 in Unarmed Combat
  1482 | D:3      | Reached XP level 5. HP: 18/40 MP: 5/5
  1703 | D:3      | Noticed Jessica
  1708 | D:3      | Killed Jessica
  2041 | D:3      | Reached XP level 6. HP: 47/47 MP: 6/6
  2375 | D:4      | Reached skill level 6 in Unarmed Combat
  2809 | D:4      | Noticed Menkaure
  2813 | D:4      | Killed Menkaure
  2814 | D:4      | Your scales start taking on a lurid green colour.
  2814 | D:4      | Reached XP level 7. HP: 52/52 MP: 7/7
  2814 | D:4      | Gained mutation: Your system is resistant to poisons.
                  | (rPois) [Green Draconian growth]
  2971 | D:4      | Reached skill level 7 in Unarmed Combat
  3141 | D:4      | Found a runed translucent door.
  3142 | D:4      | Noticed Crazy Yiuf
  3232 | D:4      | Killed Crazy Yiuf
  3359 | D:5      | Entered Level 5 of the Dungeon
  3517 | D:5      | Reached skill level 5 in Shapeshifting
  3672 | D:5      | Found Idergh's One-of-a-Kind Rings.
  3694 | D:5      | Reached skill level 8 in Unarmed Combat
  3740 | D:5      | Found a hazy altar of Hepliaklqana.
  4095 | D:6      | Reached XP level 8. HP: 55/59 MP: 8/8
  4979 | D:7      | Reached skill level 9 in Unarmed Combat
  5186 | D:7      | Found a staircase to the Ecumenical Temple.
  5201 | Temple   | Entered the Ecumenical Temple
  5219 | Temple   | Became a worshipper of the Wu Jian Council
  5761 | D:7      | Reached skill level 10 in Unarmed Combat
  5884 | D:7      | Reached XP level 9. HP: 27/64 MP: 9/9
  6788 | D:8      | Reached * piety under Wu Jian
  6887 | D:8      | Mangled by a large slime creature

Illustrated notes

Levels and vault maps discovered:
D:1:      minmay_arrival_plants_in_alcoves, layout_basic,
          shapermc_ecumenical_altar_venn, serial_shops,
          nicolae_shop_gaudy_bauble
D:2:      layout_basic, serial_shops, shop, minmay_misc_feat_plants
D:3:      layout_rooms, lemuel_coloured_pillars_altar, serial_undead,
          serial_undead_d, serial_undead_d, serial_undead_f, serial_undead_c,
          serial_undead_a, serial_undead_a, dreamdust_princess_bridge,
          minmay_hedge_maze, roderic_lattice_a, minmay_misc_feat_enclosed,
          uniq_jessica
D:4:      layout_basic, uniq_crazy_yiuf_cottage, uniq_menkaure
D:5:      layout_cave_pools, kennysheep_mini_moat, nicolae_shop_unique_rings,
          kennysheep_dice
D:6:      layout_loops_ring, serial_bayou_pond_e
D:7:      layout_basic, minmay_temple_entry_glass, nicolae_figureground_pulse
D:8:      layout_loops_ring, eino_jars
Temple:   compressed_dpeg_triangle_lava_temple

Skill      XL: |  1  2  3  4  5  6  7  8 |
---------------+-------------------------+-----
Unarmed Combat | 4 5 6 8 10 | 10.9
Shapeshifting  | 4 5 6 |  6.9
Fighting       | |  1.1
Dodging        | |  1.7

Action                     |  1- 3 |  4- 6 |  7- 9 || total
---------------------------+-------+-------+-------++-------
  Melee: Unarmed           |    93 |   111 |   201 ||   405
         Tailslap          |     5 |    15 |    31 ||    51
         Punch             |     2 |     5 |     3 ||    10
Ability: Breathe Noxious F |       |       |    19 ||    19
         Lunge             |       |       |    14 ||    14
    Use: Potion            |       |     1 |       ||     1
         Scroll            |       |       |     8 ||     8
   Stab: Sleeping          |     2 |     1 |     1 ||     4
         Confused          |       |       |    13 ||    13
 Armour: Skin              |    30 |    41 |    46 ||   117
  Dodge: Dodged            |    58 |    56 |   128 ||   242

Table legend: (Time is in decaauts)
 A = Elapsed time spent in this place.
 B = Non-inter-level travel time spent in this place.
 C = Inter-level travel time spent in this place.
 D = Time resting spent in this place.
 E = Time spent auto-exploring this place.
 F = Levels seen in this place.
 G = Mean time per level.
                   A        B        C        D        E       F      G
               +--------+--------+--------+--------+--------+-----+--------+
         Total |   6839 |   6576 |    263 |   1265 |   4040 |   9 |  759.9 |
       Dungeon |   6805 |   6542 |    263 |   1265 |   4040 |   8 |  850.6 |
        Temple |     33 |     33 |      0 |      0 |      0 |   1 |   33.0 |
               +--------+--------+--------+--------+--------+-----+--------+

Top non-repeatable levels by time:
     D:7: 1384 daAuts
     D:4: 1036 daAuts
     D:3: 1006 daAuts
     D:6: 814 daAuts
     D:2: 758 daAuts
     D:5: 719 daAuts
     D:8: 547 daAuts
     D:1: 538 daAuts
  Temple: 33 daAuts
